 Dungeon Crawl Stone Soup version 0.30-a0-883-g5ad918d77d (webtiles) character file.

Game seed: 14085106990543386589

1616 Axe the Covert (level 8, -3/42 HPs)
             Began as a Vine Stalker Brigand on Mar 18, 2023.
             Was an Initiate of Gozag.
             Killed by nerve-wracking pain
             ... invoked by a shadow imp
              (4 damage)
             ... on level 6 of the Dungeon.
             The game lasted 00:14:58 (5612 turns).

Axe the Covert (Vine Stalker Brigand)               Turns: 5612, Time: 00:14:58

Health: -3/42      AC:  5    Str: 14    XL:     8   Next: 96%
Magic:  0/18       EV: 11    Int: 11    God:    Gozag
Gold:   446        SH:  5    Dex: 18    Spells: 7/7 levels left

rFire   . . .      SeeInvis .    J - +3 dagger
rCold   . . .      Faith    .    j - +0 buckler
rNeg    . . .      Spirit   +    b - +0 robe
rPois   .          Reflect  .    u - +0 helmet
rElec   .          Rampage  .    c - +0 cloak
rCorr   .                        (no gloves)
Will    +....                    w - +0 pair of boots
Stlth   +++++                    C - amulet of magic regeneration
HPRegen 1.07/turn                y - ring of magical power
MPRegen 0.56/turn                (no ring)

@: no status effects
A: fangs 3, regeneration 1, magic shield, antimagic bite, no potion heal 2
a: Renounce Religion, Potion Petition, Call Merchant, Bribe Branch


You were on level 6 of the Dungeon.
You worshipped Gozag.
Gozag was aware of your devotion.
You visited 2 branches of the dungeon, and saw 7 of its levels.

You collected 611 gold pieces.
You paid 165 gold pieces to Gozag.

Inventory:

Hand Weapons
 J - a +3 dagger (weapon)
Missiles
 d - 21 poisoned darts (quivered)
 s - 13 boomerangs
Armour
 b - a +0 robe (worn)
 c - a +0 cloak (worn)
 j - a +0 buckler (worn)
 u - a +0 helmet (worn)
 w - a +0 pair of boots (worn)
 I - the +18 shield of the Gong {Loud rN+ Will+ rCorr EV-5}
   (You found it on level 6 of the Dungeon)

   Loud:      It is deafeningly noisy when blocking attacks.
   EV:        It affects your evasion (-5).
   rN:        It protects you from negative energy.
   rCorr:     It protects you from acid and corrosion.
   Will:      It increases your willpower.
Jewellery
 q - a ring of ice
 y - a ring of magical power (left hand)
 C - an amulet of magic regeneration (around neck)
Wands
 g - a wand of quicksilver (6)
Scrolls
 i - a scroll of magic mapping
 m - a scroll of enchant armour {unknown}
 r - 2 scrolls of noise {unknown}
 t - a scroll of identify {unknown}
 z - a scroll of brand weapon {unknown}
 G - a scroll of fear {unknown}
 H - a scroll of vulnerability {unknown}
Potions
 f - 3 potions of mutation {unknown}
 h - a potion of magic {unknown}
 k - a potion of experience {unknown}
 l - a potion of curing
 n - a potion of degeneration {unknown}
 o - 2 potions of ambrosia {unknown}
 p - 5 potions of heal wounds {unknown}
 x - a potion of cancellation {unknown}
 A - 2 potions of brilliance {unknown}
 B - 2 potions of attraction {unknown}
 D - a potion of might {unknown}
 E - a potion of flight {unknown}
 F - a potion of haste {unknown}


   Skills:
 + Level 4.8 Fighting
 + Level 4.7 Short Blades
 - Level 1.7 Throwing
 - Level 0.7 Dodging
 * Level 10.4 Stealth
 + Level 4.1 Shields


You had 7 spell levels left.
You didn't know any spells.
Your spell library contained the following spells:

 Spells                   Type           Power      Damage    Failure   Level
 Beastly Appendage        Tmut           0%         N/A       41%         1
 Wereblood                Tmut           0%         N/A       56%         2
 Spider Form              Tmut/Pois      0%         N/A       80%         3


Dungeon Overview and Level Annotations

Branches:
Dungeon (6/15)             Temple (1/1) D:4

Altars:
Cheibriados
Dithmenos
Gozag
Hepliaklqana
Qazlal
Uskayaw
The Shining One

Shops:
D:3 :

Annotations:
D:3 2 runed translucent doors, howech's ghost, amateur MiGl


Innate Abilities, Weirdness & Mutations

You have razor-sharp teeth.
Your natural rate of healing is unusually fast.
When hurt, damage is shared between your health and your magic reserves.
Your bite disrupts and absorbs the magic of your enemies.
Potions cannot restore your health.


Message History

The sky beast flickers out of sight!
Deactivating autopickup; reactivate with Ctrl-A.
A shadow imp comes into view.
The steam dragon breathes steam at you. The ball of steam hits you!
* * * LOW HITPOINT WARNING * * *
The shadow imp moves out of view.
The steam dragon bites you but does no damage.
The steam dragon closely misses you.
Okay, then.
Throw: 2 darts (curare)
Press: ? - help, Q - select action, (/) - cycle Shift-Dir - straight line, f - steam dragon
Aim: a steam dragon (moderately wounded, 63% to hit)
You throw a curare-tipped dart.
The curare-tipped dart hits the steam dragon.
The steam dragon is poisoned.
The steam dragon convulses.
The steam dragon seems to slow down.
The steam dragon is heavily wounded.
Throw: dart (curare)
Press: ? - help, Q - select action, (/) - cycle Shift-Dir - straight line, f/p - steam dragon
Aim: a steam dragon (severely wounded, very poisoned, slow, 63% to hit)
You throw a curare-tipped dart.
The curare-tipped dart closely misses the steam dragon.
The steam dragon closely misses you. You block the steam dragon's attack.
You hit the steam dragon.
The steam dragon is severely wounded.
The steam dragon closely misses you. You block the steam dragon's attack.
You hit the steam dragon but do no damage.
The steam dragon is severely wounded.
Something hits you but does no damage.
You hit the steam dragon. Your bite misses the steam dragon.
The steam dragon is severely wounded.
Something hits you.
* * * LOW HITPOINT WARNING * * *
Something shocks you.
* * * LOW HITPOINT WARNING * * *
The shadow imp gestures at you. Pain shoots through your body!
You die...
Your body crumbles into a pile of gold.

..########......##
..#.§.....####..#
.........# ##.# ##§......#
#.# #§.5....# #.# .
#####......## #.#
#.##{........<# #.##
.#....###{.....# #..# #
.Y......#D@....#######.####
$
..#####........#.........#.
##.......#...........
........<#..........#
#.........#...........
#.........#...........
#..!......#.........#.
#...................## $
........#.#.........#


You could see a steam dragon (very poisoned, slow) and a shadow imp.

Vanquished Creatures
  2 black bears (D:5)
  2 ogres (D:6)
  A phantom (D:4)
  A centaur (D:6)
  A bullfrog (D:5)
  3 scorpions
  3 wights
  4 orc priests
  4 hounds
  6 iguanas
  A sleepcap (D:5)
  5 orc wizards
  7 adders
  A white imp (D:5)
  A worm (D:5)
  A dart slug (D:5)
  17 orcs
  7 endoplasms
  6 giant cockroaches
  8 goblins
  2 hobgoblins
  6 jackals
  6 quokkas
  6 ball pythons
  4 bats
  A frilled lizard (D:1)
  4 kobolds
  6 rats
116 creatures vanquished.

Notes
Turn   | Place    | Note
-------+----------+-------------------------------------------
     0 | D:1      | Axe the Vine Stalker Brigand began the quest for the Orb.
     0 | D:1      | Reached XP level 1. HP: 11/11 MP: 2/2
    72 | D:1      | Reached skill level 5 in Stealth
   220 | D:1      | Reached XP level 2. HP: 3/15 MP: 1/3
   730 | D:1      | Reached XP level 3. HP: 6/18 MP: 0/4
  1563 | D:2      | Found a faded altar of an unknown god.
  1595 | D:3      | Found Zurphang's Book Shoppe.
  1637 | D:3      | Found a snail-covered altar of Cheibriados.
  1886 | D:3      | Gained mutation: Your natural rate of healing is unusually
                  | fast. [Vine Stalker growth]
  1886 | D:3      | Reached XP level 4. HP: 14/23 MP: 3/5
  1960 | D:3      | Found a runed translucent door.
  1961 | D:3      | Noticed howech's ghost (amateur MiGl)
  1970 | D:3      | Reached skill level 6 in Stealth
  1978 | D:3      | Found a runed translucent door.
  2312 | D:3      | Found a glowing golden altar of the Shining One.
  2633 | D:4      | You fall into a shaft and drop 2 floors!
  2653 | D:6      | Reached skill level 1 in Shields
  2659 | D:6      | Reached XP level 5. HP: 24/27 MP: 6/6
  2809 | D:5      | Entered Level 5 of the Dungeon
  2809 | D:5      | Noticed a black bear
  2841 | D:5      | Found an opulent altar of Gozag.
  2857 | D:5      | Reached XP level 6. HP: 32/32 MP: 7/7
  2907 | D:5      | Reached skill level 7 in Stealth
  3728 | D:4      | Reached XP level 7. HP: 32/36 MP: 8/8
  3735 | D:4      | Found a staircase to the Ecumenical Temple.
  3768 | Temple   | Entered the Ecumenical Temple
  3968 | D:5      | Reached skill level 8 in Stealth
  4075 | D:5      | Became a worshipper of Gozag Ym Sagoz the Greedy
  4196 | D:5      | Found a hide-covered altar of Uskayaw.
  4511 | D:5      | Gained mutation: You have razor-sharp teeth. [Vine Stalker
                  | growth]
  4511 | D:5      | Reached XP level 8. HP: 40/42 MP: 9/9
  4684 | D:5      | Noticed a shadow
  4685 | D:5      | Found a shadowy altar of Dithmenos.
  4686 | D:5      | Found a hazy altar of Hepliaklqana.
  4912 | D:6      | Reached skill level 9 in Stealth
  5244 | D:6      | Found the +18 shield of the Gong {Loud rN+ Will+ rCorr
                  | EV-5}
  5291 | D:6      | Reached skill level 10 in Stealth
  5606 | D:6      | HP: 1/42 [steam dragon/ball of steam (11)]
  5612 | D:6      | HP: 1/42 [something (4)]
  5612 | D:6      | Killed from afar by a shadow imp

Illustrated notes

Levels and vault maps discovered:
D:1:      matt_arrival_diagonals, layout_basic
D:2:      layout_basic, dilly_ecumenical_altar_fadedgnrine, chequers_avenue,
          serial_park_tiny_2, chequers_serial_rivers_micro_a
D:3:      layout_basic, tso_altar, mainiacjoe_overflow_paths,
          ebering_ghost_sewer_f, serial_shops, nicolae_shop_hallway_stairs
D:4:      layout_loops_ring, temple_fountains, serial_glass, glass_columns_a,
          glass_columns_b, glass_columns_a, glass_columns_b, glass_columns_a,
          glass_columns_a, glass_columns_c, glass_columns_b, item_on_display_a,
          item_on_display_a
D:5:      layout_cave_pods, riverfiend_overflow_shadow_ancestor,
          nicolae_gozag_cash_rules_everything_around_me,
          eat_drink_and_be_merry_uskayaw, kennysheep_flooded_box,
          corexii_hall_statues_l, minmay_misc_feat_doors, nrook_mini_vaults
D:6:      layout_rooms, ebering_ghost_inner_flame
Temple:   ebering_the_one_and_only

Skill      XL: |  1  2  3  4  5  6  7  8 |
---------------+-------------------------+-----
Stealth        | 5 6 7 8 10 | 10.4
Short Blades   | 2 3 4 |  4.7
Fighting       | 2 3 4 |  4.8
Shields        | 1 2 3 4 |  4.1
Throwing       | |  1.7
Dodging        | |  0.7

Action                     |  1- 3 |  4- 6 |  7- 9 || total
---------------------------+-------+-------+-------++-------
  Melee: Dagger            |   101 |   154 |   190 ||   445
         Bite              |    17 |    44 |    73 ||   134
  Throw: Dart              |    15 |    20 |    25 ||    60
         Boomerang         |       |       |     6 ||     6
  Evoke: Wand              |       |       |     1 ||     1
    Use: Scroll            |       |     4 |       ||     4
         Potion            |       |     1 |       ||     1
   Stab: Sleeping          |    12 |    10 |     1 ||    23
         Distracted        |       |       |     1 ||     1
 Armour: Robe              |    26 |    23 |    29 ||    78
  Dodge: Dodged            |    55 |    53 |    79 ||   187
  Block: Buckler           |    10 |    23 |    50 ||    83

Table legend: (Time is in decaauts)
 A = Elapsed time spent in this place.
 B = Non-inter-level travel time spent in this place.
 C = Inter-level travel time spent in this place.
 D = Time resting spent in this place.
 E = Time spent auto-exploring this place.
 F = Levels seen in this place.
 G = Mean time per level.
                   A        B        C        D        E       F      G
               +--------+--------+--------+--------+--------+-----+--------+
         Total |   5561 |   5449 |    112 |    797 |   3055 |   7 |  794.4 |
       Dungeon |   5553 |   5441 |    112 |    797 |   3055 |   6 |  925.5 |
        Temple |      7 |      7 |      0 |      0 |      0 |   1 |    7.0 |
               +--------+--------+--------+--------+--------+-----+--------+

Top non-repeatable levels by time:
     D:5: 1600 daAuts
     D:3: 945 daAuts
     D:1: 879 daAuts
     D:4: 846 daAuts
     D:2: 710 daAuts
     D:6: 571 daAuts
  Temple: 7 daAuts
